 Dungeon Crawl Stone Soup version 0.29.1-2-gbd0b4ee654 (webtiles) character file.

Game seed: 12679271786531704860

155 leafyfresh the Ducker (level 5, -1/35 HPs)
             Began as a Djinni Ice Elementalist on Nov 21, 2022.
             Slain by an ogre
             ... wielding a +0 giant spiked club
              (27 damage)
             ... on level 4 of the Dungeon.
             The game lasted 00:08:43 (6693 turns).

leafyfresh the Ducker (Djinni Ice Elementalist)     Turns: 6693, Time: 00:08:44

Health: -1/35      AC:  8    Str:  7    XL:     5   Next: 63%
Gold:   157        EV: 13    Int: 19    God:
                   SH:  0    Dex: 13

rFire   + + .      SeeInvis .   q - +3 dagger
rCold   x . .      Faith    .   (no shield)
rNeg    . . .      Spirit   .   a - +0 robe
rPois   ∞          Reflect  .   (no helmet)
rElec   .          Harm     .   (no cloak)
rCorr   .          Rampage  .   (no gloves)
Will    .....                   (boots unavailable)
Stlth   ++........              (no amulet)
HPRegen 0.11/turn               (no ring)
MPRegen 0.00/turn               (no ring)

@: ice-armoured, freezing walls, flying, very slightly contaminated
A: sickness immunity, fire resistance 2, cold vulnerability 1, float, innate
caster, HP casting, extra vitality 1
a: no special abilities


You were on level 4 of the Dungeon.
You visited 1 branch of the dungeon, and saw 4 of its levels.

You collected 157 gold pieces.

Inventory:

Hand Weapons
 c - a +0 club
 h - a +1 short sword of venom
 p - a +0 rapier
 q - a +3 dagger (weapon)
 s - a +0 whip
Missiles
 w - 6 boomerangs
Armour
 a - a +0 robe (worn)
Magical Staves
 j - a staff of fire
Wands
 k - a wand of digging (4)
Scrolls
 b - a scroll of poison {unknown}
 f - a scroll of butterflies {unknown}
 i - 2 scrolls of teleportation
 n - a scroll of summoning {unknown}
 r - a scroll of magic mapping {unknown}
 v - a scroll of vulnerability {unknown}
 x - a scroll of brand weapon {unknown}
 y - a scroll of enchant armour {unknown}
 z - a scroll of silence {unknown}
 A - a scroll of identify {unknown}
Potions
 d - a potion of cancellation {unknown}
 e - 2 potions of curing {unknown}
 g - 2 potions of mutation {unknown}
 l - 2 potions of lignification {unknown}
 m - 2 potions of might {unknown}
 o - a potion of degeneration {unknown}
 t - a potion of flight {unknown}
 u - a potion of brilliance {unknown}
 B - a potion of attraction {unknown}


   Skills:
 + Level 4.4 Dodging
 - Level 1.5 Stealth
 + Level 4.2 Spellcasting


You couldn't memorise any spells.
You knew the following spells:

 Your Spells              Type           Power      Damage    Failure   Level
a - Freeze                Ice            80%        1d9       2%          1
b - Frozen Ramparts       Ice            40%        1d7       7%          3
c - Ozocubu's Armour      Ice            20%        N/A       7%          3
d - Hailstorm             Conj/Ice       20%        3d6       22%         4
e - Magic Dart            Conj           80%        1d7       2%          1
f - Blink                 Tloc           40%        N/A       3%          2
Your spell library was empty.

Dungeon Overview and Level Annotations

Branches:
Dungeon (4/15)
 Temple: D:4-7

Altars:
The Shining One


Innate Abilities, Weirdness & Mutations

You are immune to sickness and miasma.
You are immune to poison.
Your flesh is very heat resistant. (rF++)
You are vulnerable to cold. (rC-)
You float through the air rather than walking.
You learn spells naturally, not from books.
Your magical power is your life essence.
You have superior vitality. (+4 MHP)


Message History

The goblin is severely wounded.
The goblin hits you but does no damage.
Casting: Freeze (safe; 2% risk of failure)
Confirm with . or Enter, or press ? or * to list all spells.
Aiming: Freeze (safe; 2% risk of failure)
Press: ? - help, Shift-Dir - straight line, f/p - goblin
Aim: a goblin, wielding a +0 dagger and wearing a +0 leather armour (severely wounded)
You freeze the goblin!
You kill the goblin!
Unknown command.
You now have 142 gold pieces (gained 14).
Things that are here:
a +0 dagger; a +0 leather armour; a goblin corpse You see here a book of Weapons.
Found a stone staircase leading up.
No target in view!
g - 2 inky potions (gained 1)
You now have 157 gold pieces (gained 15).
An ogre comes into view. It is wielding a +0 giant spiked club.
The ogre shouts!
An ogre is nearby!
An ogre is nearby!
Unknown command.
Casting: Freeze (safe; 2% risk of failure)
Confirm with . or Enter, or press ? or * to list all spells.
Casting: Frozen Ramparts (dangerous; 7% risk of failure)
Press: ? - help, Dir - look around, f - activate The walls around you are covered in ice.
The wall freezes the ogre.
Casting: Frozen Ramparts (dangerous; 7% risk of failure)
Confirm with . or Enter, or press ? or * to list all spells.
You miscast Ozocubu's Armour.
You are very lightly contaminated with residual magic.
Nothing appears to happen.
The wall freezes the ogre.
Casting: Ozocubu's Armour (dangerous; 7% risk of failure)
Confirm with . or Enter, or press ? or * to list all spells.
A film of ice covers your body!
The wall freezes the ogre.
The ogre hits you with a +0 giant spiked club!!
Ouch! That really hurt!
You die...

##.......##
.......... #####
#.......###...#
#...........#.#
#.......###...#
######..# ##.##
##########..####.###
#....O.............#
###@.....####.#.#
#.##..## #.#.#
#.##.## ##.#.#
#.##.# #..#:# #.##.#
#.##.# #.##.# #.##.#
#.##.#####.##)#
#.##.#.)...##.# #
..#.######.#


You could see an ogre.

Vanquished Creatures
  Robin (D:2)
  2 adders (D:2)
  5 gnolls (D:2)
  2 worms (D:2)
  3 dart slugs (D:1)
  3 ball pythons
  3 endoplasms
  2 giant cockroaches
  15 goblins
  5 hobgoblins
  7 jackals
  2 quokkas (D:1)
  3 bats
  4 kobolds
  7 rats
64 creatures vanquished.

Notes
Turn   | Place    | Note
-------+----------+-------------------------------------------
     0 | D:1      | leafyfresh the Djinni Ice Elementalist began the quest for
                  | the Orb.
     0 | D:1      | leafyfresh set off with the following spells memorised:
                  | Freeze, Frozen Ramparts, Ozocubu's Armour, Hailstorm.
     0 | D:1      | Reached XP level 1. HP: 15/15 MP: 0/0
   497 | D:1      | Reached XP level 2. HP: 21/21 MP: 0/0
   613 | D:1      | HP: 1/21 [dart slug/slug dart (4)]
  1757 | D:1      | Reached XP level 3. HP: 15/25 MP: 0/0
  1757 | D:1      | Learned a level 1 spell: Magic Dart
  3212 | D:2      | Reached XP level 4. HP: 21/31 MP: 0/0
  3310 | D:2      | Found a faded altar of an unknown god.
  3535 | D:2      | Noticed Robin
  3815 | D:2      | Killed Robin
  4286 | D:2      | Reached XP level 5. HP: 23/35 MP: 0/0
  4286 | D:2      | Learned a level 2 spell: Blink
  6013 | D:3      | Found a faded altar of an unknown god.
  6017 | D:3      | Found a glowing golden altar of the Shining One.
  6688 | D:4      | Noticed an ogre
  6693 | D:4      | Slain by an ogre

Illustrated notes

Levels and vault maps discovered:
D:1:      minmay_arrival_three_doors, layout_loops_corners
D:2:      minmay_alternating_diamond, layout_basic,
          dreamdust_ecumenical_altar_statues, uniq_robin
D:3:      layout_loops_ring, nicolae_overflow_ecumenical_swirl
D:4:      layout_loops_ring, chequers_serial_rivers_small_a

Skill      XL: |  1  2  3  4 |
---------------+-------------+-----
Dodging        | 3 4 |  4.4
Spellcasting   | 4 |  4.2
Stealth        | |  1.5

Action                   |  1- 3 |  4- 6 || total
-------------------------+-------+-------++-------
Melee: Club              |    50 |       ||    50
       Short sword       |     2 |     9 ||    11
       Dagger            |       |    15 ||    15
 Cast: Freeze            |    25 |    10 ||    35
       Frozen Ramparts   |     5 |    12 ||    17
       Magic Dart        |     4 |    12 ||    16
       Ozocubu's Armour  |       |     9 ||     9
       Hailstorm         |       |     2 ||     2
  Use: Scroll            |       |     1 ||     1
 Stab: Sleeping          |     3 |     2 ||     5
Armor: Robe              |     9 |     8 ||    17
Dodge: Dodged            |    48 |    27 ||    75
